 Dungeon Crawl Stone Soup version 0.20.1-1-g8b1a95d (webtiles) character file.

73552 karf the Bludgeoner (level 15, -28/99 HPs)
             Began as a Gargoyle Fighter on Oct 28, 2017.
             Was the Champion of Makhleb.
             Annihilated by an eight-headed hydra simulacrum (33 damage)
             ... in an ice cave.
             The game lasted 01:35:11 (19967 turns).

karf the Bludgeoner (Gargoyle Fighter)             Turns: 19967, Time: 01:35:13

Health: -28/99     AC: 38    Str: 26    XL:     15   Next: 43%
Magic:  15/15      EV:  5    Int: 13    God:    Makhleb [******]
Gold:   1913       SH: 20    Dex: 13    Spells: 14/14 levels left

rFire    + . .     SeeInvis .   A - +1 eveningstar "Wyaretta" {crush, rElec Int+4}
rCold    . . .     Gourm    .   C - +0 large shield
rNeg     + . .     Faith    .   n - +0 plate armour {rPois}
rPois    ∞         Spirit   .   s - +2 helmet
rElec    +         Reflect  .   o - +1 cloak
rCorr    .         Harm     .   b - +0 pair of gloves
MR       +....                  P - +0 pair of boots
Stlth    ..........             V - amulet of rage
Regen    0.3/turn               Q - ring of Cucsub {rF+ Str+4}
MPRegen  0.2/turn               c - +2 ring of protection

@: no status effects
A: big wings, negative energy resistance 1, electricity resistance, unbreathing,
petrification resistance, rot immunity, AC +11
a: Fly, Minor Destruction, Lesser Servant of Makhleb, Major Destruction, Greater
Servant of Makhleb, Renounce Religion, Evoke Berserk Rage


You were in an ice cave.
You worshipped Makhleb.
Makhleb was exalted by your worship.
You were very hungry.

You visited 4 branches of the dungeon, and saw 21 of its levels.
You also visited: Ossuary and Ice Cave.

You collected 1913 gold pieces.

Inventory:

Hand Weapons
 A - the +1 eveningstar "Wyaretta" (weapon) {crush, rElec Int+4}
   (You acquired it on level 2 of the Snake Pit)

   It inflicts extra damage upon your enemies.
   It affects your intelligence (+4).
   It insulates you from electricity.
 O - a +1 flail of holy wrath
 U - a +0 morningstar
Missiles
 h - 17 tomahawks (quivered)
Armour
 b - a +0 pair of gloves (worn)
 n - a +0 plate armour of poison resistance (worn)
 o - a +1 cloak (worn)
 s - a +2 helmet (worn)
 C - a +0 large shield (worn)
 P - a +0 pair of boots (worn)
Jewellery
 c - a +2 ring of protection (right hand)
 y - an uncursed ring of fire {unknown}
 Q - the ring of Cucsub (left hand) {rF+ Str+4}
   (You found it on level 7 of the Dungeon)

   [ring of strength]

   It affects your strength (+4).
   It protects you from fire.
 V - an amulet of rage (around neck)
Wands
 p - a wand of acid (9/15)
 u - a wand of iceblast (7/15)
 J - a wand of paralysis (12/24)
 L - a wand of lightning (6/15)
 M - a wand of digging (20/24)
 N - a wand of polymorph (15/24)
 T - a wand of polymorph (14/24)
 Y - a wand of flame (22/48)
Scrolls
 e - 3 scrolls of remove curse
 i - 3 scrolls of teleportation
 k - 8 scrolls of magic mapping
 m - 2 scrolls of recharging
 q - 4 scrolls of fog
 r - 9 scrolls of enchant weapon
 v - 2 scrolls of blinking
 w - 3 scrolls of amnesia
 x - a scroll of identify
 D - a scroll of fear {unknown}
 I - 5 scrolls of enchant armour
Potions
 a - 2 potions of heal wounds
 d - 2 potions of might
 f - a potion of haste
 g - 5 potions of cancellation
 t - 3 potions of invisibility
 z - 2 potions of mutation
 B - 5 potions of curing
 E - 2 potions of agility
 F - 4 potions of lignification
 H - 4 potions of magic
 K - a potion of berserk rage
 X - 2 potions of brilliance
Comestibles
 j - a royal jelly
 l - 13 meat rations
 G - 16 bread rations
 Z - 31 fruits


   Skills:
 + Level 13.5 Fighting
 * Level 16.2 Maces & Flails
 + Level 13.2 Armour
 + Level 13.5 Shields


You had 14 spell levels left.
You didn't know any spells.

Dungeon Overview and Level Annotations

Branches:
Dungeon (10/15)            Temple (1/1) D:7            Lair (6/6) D:9
 Shoals (0/4) Lair:3        Snake (4/4) Lair:2        Slime (0/5) Lair:6
    Orc (0/2) D:10

Altars:
Ashenzari
Cheibriados
Dithmenos
Elyvilon
Fedhas
Gozag
Hepliaklqana
Kikubaaqudgha
Makhleb
Nemelex Xobeh
Okawaru
Qazlal
Ru
Sif Muna
Trog
Uskayaw
Vehumet
Xom
Yredelemnul
Zin
The Shining One
Beogh
Jiyva

Shops:
D:4 }   D:6 }   D:8 %   D:9 [   Snake:1 (

Annotations:
IceCv exclusion: 2 ice statues


Innate Abilities, Weirdness & Mutations

You are resistant to torment.
Your stone body is resilient. (AC +11)
You are immune to poison.
Your large and strong wings let you fly indefinitely.
You resist negative energy. (rN+)
You are resistant to electric shocks. (rElec)
You can survive without breathing.
You are immune to petrification.
You are immune to rotting.


Message History

You block the eight-headed hydra simulacrum's attack. x3
The eight-headed hydra simulacrum bites you but does no damage. x3
The eight-headed hydra simulacrum barely misses you.
You block the eight-headed hydra simulacrum's attack.
You closely miss the white very ugly thing.
The white very ugly thing is almost dead.
You block the white very ugly thing's attack.
You barely miss the white very ugly thing.
The white very ugly thing is almost dead.
The dire elephant simulacrum tramples you but does no damage.
You block the dire elephant simulacrum's attack.
The eight-headed hydra simulacrum bites you but does no damage.
You block the eight-headed hydra simulacrum's attack. x3
The eight-headed hydra simulacrum bites you.
The eight-headed hydra simulacrum freezes you!!!
* * * LOW HITPOINT WARNING * * *
The eight-headed hydra simulacrum bites you.
* * * LOW HITPOINT WARNING * * *
The eight-headed hydra simulacrum freezes you!!
You die...

### ####### #######
8... #/?)..## ##.....#
.... #?.....###......#
.....#.......#.......#
.....#u......#.......#
.....YZ@........∩..∩.#
.....#Z......#.......#
.... #.......#.......#
... #......###......#
8. #..(..## ##.....# #
####### #######


You could see a white very ugly thing, an ice beast, an eight-headed hydra
simulacrum and a dire elephant simulacrum.

Vanquished Creatures
  A nagaraja (Snake:3)
  2 hydras
  2 naga warriors (Snake:4)
  A catoblepas (Lair:3)
  7 two-headed ogres
  3 anacondas
  A naga sharpshooter (Snake:3)
  7 shock serpents
  2 salamander mystics
  4 naga ritualists
  The ghost of Irenicus the Cleaver, a novice DDMo of Makhleb (D:6)
  2 oklob plants (Lair:1)
  5 mana vipers
  11 salamanders
  A faun (Lair:5)
  19 black mambas
  3 elephants (Lair:5)
  3 guardian serpents (Snake:3)
  10 naga magi
  Maurice (D:8)
  10 spiny frogs
  A torpor snail (Lair:6)
  3 rime drakes
  10 komodo dragons
  3 trolls (D:9)
  6 hornets (Lair:6)
  2 polar bears (Lair:6)
  Grinder (D:6)
  6 blink frogs
  6 hippogriffs
  Sigmund (D:5)
  8 dream sheep
  A dire elephant simulacrum (IceCv)
  18 yaks
  A wraith (Ossuary)
  13 spriggans
  A wyvern (Lair:4)
  2 basilisks
  A hungry ghost (D:8)
  A harpy simulacrum (IceCv)
  An iron troll simulacrum (IceCv)
  32 nagas
  10 porcupines
  9 water moccasins
  5 orc warriors
  4 sky beasts
  6 black bears
  11 ice beasts
  5 ogres
  58 wolves
  4 phantoms
  4 boggarts (Lair:6)
  The ghost of Linguinho the Sneak, an amateur HaAs (D:4)
  3 centaurs
  13 crocodiles
  A big kobold (D:9)
  Blork the orc (D:6)
  13 bullfrogs
  A gnoll sergeant (D:5)
  2 scorpions
  A howler monkey (D:10)
  An electric eel (Lair:1)
  2 crimson imps (D:9)
  2 bullfrog skeletons
  A centaur zombie (D:9)
  6 jellies
  3 hounds
  A centaur skeleton (D:10)
  5 orc priests
  3 orc wizards
  Crazy Yiuf (D:6)
  7 iguanas
  7 hell rats
  6 worker ants
  2 killer bee zombies
  3 mummies (Ossuary)
  6 gnolls
  8 adders
  2 shadow imps
  An ooze (D:2)
  An adder skeleton (D:5)
  5 worms
  4 dart slugs
  5 leopard geckos
  51 orcs
  6 giant cockroaches
  A gnoll zombie (Ossuary)
  7 goblins
  7 hobgoblins
  9 jackals
  2 quokkas
  2 ball pythons
  4 bats
  6 frilled lizards
  4 goblin zombies (Ossuary)
  A hobgoblin zombie (Ossuary)
  10 kobolds
  4 kobold zombies (Ossuary)
  A leopard gecko skeleton (D:5)
  An orc zombie (Ossuary)
  A quokka skeleton (D:7)
  3 rats
  A plant (Lair:1)
569 creatures vanquished.

Vanquished Creatures (collateral kills)
  A naga mage (Snake:2)
1 creature vanquished.

Vanquished Creatures (others)
  A naga mage (Snake:3)
  18 fungi
  20 plants
39 creatures vanquished.

Grand Total: 609 creatures vanquished

Notes
Turn   | Place    | Note
-------+----------+-------------------------------------------
     0 | D:1      | karf the Gargoyle Fighter began the quest for the Orb.
     0 | D:1      | Reached XP level 1. HP: 14/14 MP: 1/1
     0 | D:1      | Noticed a merfolk zombie
     3 | D:1      | Noticed an elf
     8 | D:1      | Noticed a minotaur
    15 | D:1      | Noticed a naga
    15 | D:1      | Noticed a minotaur skeleton
    19 | D:1      | Noticed a human
    21 | D:1      | Noticed a minotaur
   216 | D:1      | Reached XP level 2. HP: 17/19 MP: 2/2
   774 | D:2      | Reached XP level 3. HP: 24/24 MP: 3/3
   851 | D:2      | Reached skill level 3 in Maces & Flails
  1034 | D:2      | Reached XP level 4. HP: 29/29 MP: 4/4
  1834 | D:3      | Reached XP level 5. HP: 27/33 MP: 5/5
  2341 | D:4      | Reached skill level 4 in Maces & Flails
  2370 | D:4      | Found Iruaxtud's Gadget Shop.
  2397 | D:4      | Found a sand-covered staircase.
  2422 | Ossuary  | Entered an ossuary
  2422 | Ossuary  | Noticed a wraith
  2422 | Ossuary  | Noticed a wraith
  2422 | Ossuary  | Noticed a wraith
  2853 | Ossuary  | Noticed a wraith
  2868 | Ossuary  | Killed a wraith
  2868 | Ossuary  | Reached XP level 6. HP: 19/39 MP: 6/6
  3126 | D:4      | Noticed a phantom
  3144 | D:4      | Killed a phantom
  3144 | D:4      | Reached skill level 5 in Maces & Flails
  3144 | D:4      | Reached XP level 7. HP: 32/44 MP: 7/7
  3429 | D:4      | Noticed Linguinho's ghost (amateur HaAs)
  3464 | D:4      | Killed Linguinho's ghost
  3464 | D:4      | Reached skill level 5 in Fighting
  3859 | D:5      | Entered Level 5 of the Dungeon
  3895 | D:5      | Reached skill level 5 in Armour
  3895 | D:5      | Reached skill level 5 in Shields
  4054 | D:5      | Reached skill level 6 in Maces & Flails
  4076 | D:5      | Reached XP level 8. HP: 48/49 MP: 8/8
  4123 | D:5      | Noticed Sigmund
  4308 | D:5      | Killed Sigmund
  4497 | D:5      | Found a shimmering altar of Xom.
  4725 | D:6      | Reached skill level 7 in Maces & Flails
  4771 | D:6      | Found Aggei's Gadget Boutique.
  4805 | D:6      | Noticed Irenicus's ghost (novice DDMo)
  4820 | D:6      | Killed Irenicus's ghost
  4820 | D:6      | Reached XP level 9. HP: 56/56 MP: 9/9
  4830 | D:6      | Noticed Grinder
  4836 | D:6      | Killed Grinder
  4836 | D:6      | Reached skill level 8 in Maces & Flails
  5092 | D:6      | Found a runed door.
  5096 | D:6      | Noticed Crazy Yiuf
  5099 | D:6      | Killed Crazy Yiuf
  5228 | D:6      | Noticed Blork the orc
  5236 | D:6      | Killed Blork the orc
  5687 | D:7      | Found a staircase to the Ecumenical Temple.
  5761 | D:7      | Got a scintillating marble ring
  5766 | D:7      | Identified the ring of Cucsub {rF+ Str+4} (You found it on level 7 of the Dungeon)
  5777 | Temple   | Entered the Ecumenical Temple
  6139 | Temple   | Became a worshipper of Makhleb the Destroyer
  6520 | D:8      | Reached skill level 9 in Maces & Flails
  6521 | D:8      | Reached XP level 10. HP: 63/63 MP: 10/10
  6574 | D:8      | Reached * piety under Makhleb
  6583 | D:8      | Found a roughly hewn altar of Beogh.
  6692 | D:8      | Found Qaijonu's Food Shoppe.
  6828 | D:8      | Noticed a two-headed ogre
  6837 | D:8      | Noticed Maurice
  6838 | D:8      | Killed a two-headed ogre
  6853 | D:8      | Killed Maurice
  7632 | D:9      | Noticed a two-headed ogre
  7647 | D:9      | Killed a two-headed ogre
  7647 | D:9      | Reached skill level 10 in Maces & Flails
  7674 | D:9      | Reached ** piety under Makhleb
  7726 | D:9      | Found Ceaclip's Armour Shop.
  7831 | D:9      | Noticed a two-headed ogre
  7842 | D:9      | Killed a two-headed ogre
  7842 | D:9      | Reached XP level 11. HP: 59/69 MP: 11/11
  7987 | D:9      | Noticed a two-headed ogre
  8004 | D:9      | Killed a two-headed ogre
  8250 | D:9      | Noticed a two-headed ogre
  8256 | D:9      | Killed a two-headed ogre
  8256 | D:9      | Reached skill level 11 in Maces & Flails
  8583 | D:9      | Found a staircase to the Lair.
  8691 | D:9      | Noticed a two-headed ogre
  8700 | D:9      | Killed a two-headed ogre
  8901 | D:10     | Entered Level 10 of the Dungeon
  9247 | D:10     | Noticed a two-headed ogre
  9265 | D:10     | Killed a two-headed ogre
  9387 | D:10     | Found a staircase to the Orcish Mines.
  9542 | Lair:1   | Entered Level 1 of the Lair of Beasts
  9778 | Lair:1   | Noticed an oklob plant
  9806 | Lair:1   | Reached skill level 10 in Shields
 10176 | Lair:1   | Reached *** piety under Makhleb
 10184 | Lair:1   | Reached skill level 10 in Fighting
 10184 | Lair:1   | Reached skill level 12 in Maces & Flails
 10184 | Lair:1   | Reached XP level 12. HP: 77/77 MP: 12/12
 10486 | Lair:1   | Reached skill level 10 in Armour
 11928 | Lair:2   | Found a staircase to the Snake Pit.
 12280 | Lair:2   | Reached skill level 13 in Maces & Flails
 12425 | Lair:3   | Noticed a catoblepas
 12449 | Lair:3   | Killed a catoblepas
 12502 | Lair:3   | Reached **** piety under Makhleb
 12665 | Lair:3   | Found a staircase to the Shoals.
 13289 | Lair:4   | Reached XP level 13. HP: 84/84 MP: 13/13
 13660 | Lair:4   | You fall through a shaft for 2 floors!
 13660 | Lair:6   | Entered Level 6 of the Lair of Beasts
 13793 | Lair:5   | Reached ***** piety under Makhleb
 15272 | Lair:5   | Reached skill level 14 in Maces & Flails
 15931 | Lair:6   | Found a viscous altar of Jiyva.
 15931 | Lair:6   | Found a staircase to the Slime Pits.
 16080 | Lair:6   | Gained mutation: Your large and strong wings let you fly indefinitely. [Gargoyle growth]
 16080 | Lair:6   | Reached XP level 14. HP: 92/92 MP: 14/14
 16185 | Lair:6   | Reached ****** piety under Makhleb
 17024 | Snake:1  | Entered Level 1 of the Snake Pit
 17315 | Snake:1  | Found Pukloj's Antique Weapon Emporium.
 17455 | Snake:1  | Reached skill level 15 in Maces & Flails
 18023 | Snake:2  | Identified a scroll of acquirement
 18026 | Snake:2  | Got a crude eveningstar
 18027 | Snake:2  | Identified the +1 eveningstar "Wyaretta" {crush, rElec Int+4} (You acquired it on level 2 of the Snake Pit)
 19275 | Snake:3  | Reached XP level 15. HP: 82/99 MP: 0/15
 19414 | Snake:3  | Noticed a nagaraja
 19430 | Snake:3  | Killed a nagaraja
 19441 | Snake:3  | Reached skill level 16 in Maces & Flails
 19761 | Snake:4  | Entered Level 4 of the Snake Pit
 19868 | Snake:4  | Found a frozen archway.
 19890 | IceCv    | Entered an ice cave
 19967 | IceCv    | Annihilated by an eight-headed hydra simulacrum

Skill      XL: |  1  2  3  4  5  6  7  8  9 10 11 12 13 14 15 |
---------------+----------------------------------------------+-----
Maces & Flails | 3 4 5 6 7 9 10 12 13 14 15 16 | 16.2
Fighting       | 4 5 6 7 8 10 11 12 13 | 13.5
Armour         | 4 5 6 7 8 9 10 11 12 13 | 13.2
Shields        | 4 5 6 7 8 10 11 12 13 | 13.5

Action                   |  1- 3 |  4- 6 |  7- 9 | 10-12 | 13-15 || total
-------------------------+-------+-------+-------+-------+-------++-------
Melee: Flail             |   190 |   217 |    97 |       |       ||   504
       Mace              |       |       |   192 |   941 |  1057 ||  2190
       Eveningstar       |       |       |       |       |   455 ||   455
Throw: Tomahawk          |       |     9 |     4 |    11 |       ||    24
Invok: Lesser Servant of |       |       |       |       |     1 ||     1
 Abil: Fly               |       |       |       |       |     1 ||     1
       Stop Flying       |       |       |       |       |     1 ||     1
  Use: Scroll            |       |     4 |    10 |    17 |    10 ||    41
       Potion            |       |     1 |     1 |     5 |     4 ||    11
 Stab: Invisible         |       |       |     3 |       |       ||     3
  Eat: Chunk             |     1 |     5 |     9 |    17 |    14 ||    46
       Bread ration      |       |     1 |       |       |       ||     1
       Royal jelly       |       |       |       |     1 |     3 ||     4
       Meat ration       |       |       |       |     1 |       ||     1
       Fruit             |       |       |       |       |     5 ||     5
Armor: Plate armour      |   133 |   137 |   153 |   443 |  1054 ||  1920
       Scale mail        |     7 |       |       |       |       ||     7
Dodge: Dodged            |    31 |    26 |    66 |   205 |   228 ||   556
Block: Shield            |   100 |   102 |   126 |   366 |       ||   694
       Large shield      |       |       |       |   200 |  1792 ||  1992
